 Dungeon Crawl Stone Soup version 0.29.0-7-g18a832c13a (webtiles) character file.

Game seed: 15288534571377553597

19812 Kahsius the Warrior (level 12, -4/187 HPs)
             Began as a Minotaur Berserker on Aug 30, 2022.
             Was an Elder of Trog.
             Slain by a white ugly thing (31 damage)
             ... on level 14 of the Dungeon.
             The game lasted 00:30:27 (13227 turns).

Kahsius the Warrior (Minotaur Berserker)           Turns: 13227, Time: 00:30:27

Health: -4/187     AC: 15    Str: 29    XL:     12   Next: 39%
Magic:  0/11       EV: 11    Int:  8    God:    Trog [****..]
Gold:   875        SH:  0    Dex: 14    Spells: 11/11 levels left

rFire   . . .      SeeInvis .   n - +9 hand axe of the King {drain, rCorr}
rCold   . . .      Faith    .   (no shield)
rNeg    . . .      Spirit   +   z - +0 plate armour
rPois   .          Reflect  .   (helmet restricted)
rElec   .          Harm     .   (no cloak)
rCorr   +          Rampage  .   e - +0 pair of gloves
Will    .....                   (no boots)
Stlth   ..........              c - amulet of guardian spirit
HPRegen 0.41/turn               x - ring of Xeagh {Str+6 Int+4}
MPRegen 0.12/turn               (no ring)

@: berserking (expiring), attractive, very quick
A: horns 2, retaliatory headbutt
a: Renounce Religion, Berserk, Trog's Hand, Brothers in Arms


You were on level 14 of the Dungeon.
You worshipped Trog.
Trog was greatly pleased with you.
You visited 2 branches of the dungeon, and saw 15 of its levels.
You also visited: Sewer.

You collected 875 gold pieces.

Inventory:

Hand Weapons
 n - the +9 hand axe of the King (weapon) {drain, rCorr}
   (You found it on level 2 of the Dungeon)

   A truly terrible weapon, it drains the life of any living foe it strikes.
   rCorr:     It protects you from acid and corrosion.
Missiles
 w - a throwing net (quivered)
Armour
 e - a +0 pair of gloves (worn)
 y - a +2 scale mail of poison resistance
 z - a +0 plate armour (worn)
 C - the +1 scale mail of the Endless Seas {+Inv rC+ Dex+3}
   (You found it on level 12 of the Dungeon)

   Dex:       It affects your dexterity (+3).
   rC:        It protects you from cold.
   +Inv:      It lets you turn invisible.
Jewellery
 c - an amulet of guardian spirit (around neck)
 x - the ring of Xeagh (left hand) {Str+6 Int+4}
   (You found it in a sewer)

   [ring of strength]

   Str:       It affects your strength (+6).
   Int:       It affects your intelligence (+4).
Wands
 a - a wand of charming (16)
 q - a wand of mindburst (14)
 t - a wand of roots (4)
 A - a wand of flame (8)
Scrolls
 d - a scroll of magic mapping
 f - a scroll of amnesia {unknown}
 h - 5 scrolls of identify
 j - 3 scrolls of blinking
 l - a scroll of enchant weapon
 m - 4 scrolls of summoning
 p - a scroll of immolation
 s - 2 scrolls of teleportation
 u - 2 scrolls of fear
 v - a scroll of fog
 B - a scroll of enchant armour {unknown}
Potions
 b - a potion of berserk rage {unknown}
 i - a potion of brilliance
 k - 4 potions of lignification
 o - 3 potions of haste
 r - 3 potions of mutation


   Skills:
 + Level 17.1 Fighting
 - Level 14.0 Axes
 + Level 8.7 Armour
 + Level 7.9 Dodging


You had 11 spell levels left.
You didn't know any spells.
Your spell library was empty.

Dungeon Overview and Level Annotations

Branches:
Dungeon (14/15)            Temple (1/1) D:4            Lair (0/5) D:10
    Orc (0/2) D:9           Sewer (visited)
 Vaults: D:13-14

Altars:
Ashenzari
Cheibriados
Dithmenos
Elyvilon
Fedhas
Gozag
Hepliaklqana
Kikubaaqudgha
Makhleb
Nemelex Xobeh
Okawaru
Qazlal
Ru
Sif Muna
Trog
Uskayaw
Vehumet
Wu Jian
Xom
Yredelemnul
Zin
The Shining One

Annotations:
D:10 exclusion: oklob plant


Innate Abilities, Weirdness & Mutations

You have a pair of horns on your head.
You reflexively headbutt those who attack you in melee.


Message History

The ten-headed hydra is moderately wounded.
You hit the white ugly thing. You drain the white ugly thing.
The white ugly thing is attracted toward you.
You barely miss the ten-headed hydra.
The ten-headed hydra is moderately wounded.
You slash the white ugly thing! You drain the white ugly thing.
The white ugly thing is attracted toward you.
You barely miss the ten-headed hydra. You headbutt the ten-headed hydra!!
The ten-headed hydra is severely wounded.
You slash the white ugly thing!
You kill the white ugly thing!
Trog accepts your kill.
The ten-headed hydra bites you but does no damage.
The ten-headed hydra bites you!
* * * LOW HITPOINT WARNING * * *
The ten-headed hydra misses you. The ten-headed hydra bites you!
* * * LOW HITPOINT WARNING * * *
The ten-headed hydra bites you but does no damage.
The ten-headed hydra bites you.
* * * LOW HITPOINT WARNING * * *
The ten-headed hydra bites you but does no damage. x2
The ten-headed hydra bites you.
* * * LOW HITPOINT WARNING * * *
The ten-headed hydra bites you.
* * * LOW HITPOINT WARNING * * *
The white ugly thing is attracted toward you.
You chop one of the ten-headed hydra's heads off!
The nine-headed hydra grows two more!
You slash the 11-headed hydra! You punch the 11-headed hydra!
The 11-headed hydra is severely wounded.
The white ugly thing is attracted toward you.
You slice one of the 11-headed hydra's heads off!
The ten-headed hydra grows two more!
You slice the 12-headed hydra!! You drain the 12-headed hydra.
Your headbutt misses the 12-headed hydra.
The 12-headed hydra is almost dead.
You slash the white ugly thing! The white ugly thing claws you!
* * * LOW HITPOINT WARNING * * *
The white ugly thing freezes you!!
You die...

.......................
.........)#.###.........
.......).##.####........
..........#..# #........
.........##.#####.......
}.........#......)......
........................
.........#..............
§§.§§§u@.##.............
#......D..#.......#.....
#....##.##.#...##.##....
#... .........##.......
### ............... ...
............ ...... ...
.......


You could see a 12-headed hydra (drained) and a white ugly thing.

Vanquished Creatures
  2 boulder beetles (D:12)
  A hydra (D:11)
  Harold (D:10)
  4 two-headed ogres
  A tengu warrior (D:12)
  Sonja (D:12)
  5 ugly things
  3 cyclopes
  2 manticores (D:14)
  Joseph (D:10)
  A black mamba (shapeshifter) (D:14)
  An unseen horror (D:11)
  A tengu conjurer (D:12)
  2 polar bears (D:8)
  4 trolls
  A wind drake (shapeshifter) (D:14)
  A wyvern (D:9)
  A vampire (D:9)
  17 yaks
  4 wraiths
  Grum (D:10)
  5 vampire mosquitoes (D:12)
  A steam dragon (D:5)
  An acid dragon (D:11)
  3 ice beasts
  A sky beast (D:6)
  3 black bears
  5 wolves
  A phantom (D:5)
  A centaur (D:11)
  A kobold brigand (D:9)
  4 bullfrogs
  A necrophage (D:6)
  A gnoll sergeant (D:10)
  3 scorpions
  3 killer bees (D:9)
  5 howler monkeys
  8 hounds
  2 jellies
  5 orc priests
  An iron imp (D:9)
  3 iguanas
  11 orc wizards
  6 gnolls
  10 adders
  3 white imps
  2 ufetubi
  2 worms
  2 dart slugs
  25 orcs
  5 bats
  8 endoplasms
  8 giant cockroaches
  8 goblins
  12 hobgoblins
  2 jackals (D:1)
  12 kobolds
  4 quokkas
  11 ball pythons
  12 frilled lizards
  12 rats
268 creatures vanquished.

Vanquished Creatures (others)
  A fungus (D:3)
  A plant (D:3)
2 creatures vanquished.

Grand Total: 270 creatures vanquished

Notes
Turn   | Place    | Note
-------+----------+-------------------------------------------
     0 | D:1      | Kahsius the Minotaur Berserker began the quest for the Orb.
     0 | D:1      | Reached XP level 1. HP: 19/19 MP: 0/0
    88 | D:1      | Reached skill level 4 in Fighting
   188 | D:1      | Reached XP level 2. HP: 22/27 MP: 1/1
  1024 | D:1      | You fall into a shaft and drop 1 floor!
  1106 | D:2      | Reached XP level 3. HP: 32/34 MP: 2/2
  1932 | D:2      | Reached ** piety under Trog
  1938 | D:2      | Reached skill level 5 in Fighting
  1938 | D:2      | Reached XP level 4. HP: 41/42 MP: 3/3
  2084 | D:2      | Identified the +9 hand axe of the King {drain, rCorr}
  2092 | D:2      | Reached skill level 5 in Axes
  2580 | D:3      | Found a blossoming altar of Fedhas.
  2636 | D:3      | Reached XP level 5. HP: 48/48 MP: 4/4
  2704 | D:3      | Found a basalt altar of Yredelemnul.
  2715 | D:3      | Found a bloodstained altar of Trog.
  2997 | D:4      | Reached skill level 6 in Fighting
  3095 | D:4      | Reached XP level 6. HP: 55/57 MP: 3/5
  3221 | D:4      | Reached *** piety under Trog
  3343 | D:4      | Found a shimmering altar of Xom.
  3411 | D:4      | Found a staircase to the Ecumenical Temple.
  3625 | D:5      | Entered Level 5 of the Dungeon
  3656 | D:5      | Noticed an ice beast
  3666 | D:5      | Killed an ice beast
  3667 | D:5      | Reached skill level 7 in Fighting
  3780 | D:5      | Found an iron altar of Okawaru.
  3788 | D:5      | Reached XP level 7. HP: 59/66 MP: 6/6
  3843 | D:5      | Found an opulent altar of Gozag.
  3873 | D:5      | Found a shadowy altar of Dithmenos.
  3896 | D:5      | Noticed a steam dragon
  3909 | D:5      | Killed a steam dragon
  4223 | D:5      | Reached skill level 8 in Fighting
  4340 | D:5      | Found a glowing drain.
  4354 | Sewer    | Entered a sewer
  4523 | Sewer    | Reached **** piety under Trog
  4578 | Sewer    | Identified the ring of Xeagh {Str+6 Int+4}
  4589 | Sewer    | Reached XP level 8. HP: 75/75 MP: 7/7
  5239 | D:6      | Reached skill level 9 in Fighting
  5599 | D:6      | Found an ornate altar of the Wu Jian Council.
  5635 | D:6      | Found a white marble altar of Elyvilon.
  6288 | D:7      | Reached skill level 10 in Fighting
  6293 | D:7      | Reached skill level 10 in Axes
  7047 | Temple   | Entered the Ecumenical Temple
  7212 | D:8      | Reached XP level 9. HP: 84/86 MP: 8/8
  7264 | D:8      | Noticed a polar bear
  7272 | D:8      | Killed a polar bear
  7273 | D:8      | Reached skill level 11 in Fighting
  7672 | D:8      | Noticed a polar bear
  7679 | D:8      | Killed a polar bear
  7925 | D:9      | Reached skill level 12 in Fighting
  8028 | D:9      | Noticed a two-headed ogre
  8034 | D:9      | Killed a two-headed ogre
  8035 | D:9      | Reached XP level 10. HP: 100/100 MP: 6/9
  8149 | D:9      | Found a staircase to the Orcish Mines.
  8811 | D:9      | Found a snail-covered altar of Cheibriados.
  8853 | D:10     | Entered Level 10 of the Dungeon
  8853 | D:10     | Noticed Joseph
  8869 | D:10     | Found an ancient bone altar of Kikubaaqudgha.
  8887 | D:10     | Reached skill level 13 in Fighting
  9073 | D:10     | Killed Joseph
  9214 | D:10     | Noticed a two-headed ogre
  9214 | D:10     | Noticed a two-headed ogre
  9219 | D:10     | Killed a two-headed ogre
  9431 | D:10     | Reached skill level 14 in Fighting
  9552 | D:10     | Killed a two-headed ogre
  9691 | D:10     | Noticed an oklob plant
  9693 | D:10     | Found a staircase to the Lair.
  9849 | D:10     | Noticed Grum
  9861 | D:10     | Killed Grum
 10036 | D:10     | Found a hide-covered altar of Uskayaw.
 10044 | D:10     | Noticed Harold
 10051 | D:10     | Killed Harold
 10052 | D:10     | Reached skill level 15 in Fighting
 10052 | D:10     | Reached XP level 11. HP: 112/112 MP: 8/10
 10386 | D:11     | Noticed a red ugly thing
 10390 | D:11     | Noticed a four-headed hydra
 10394 | D:11     | Killed a red ugly thing
 10673 | D:11     | Killed a seven-headed hydra
 11216 | D:11     | Reached skill level 5 in Armour
 11344 | D:12     | Noticed a boulder beetle
 11346 | D:12     | Noticed a boulder beetle
 11368 | D:12     | Killed a boulder beetle
 11369 | D:12     | Reached skill level 16 in Fighting
 11369 | D:12     | Reached skill level 5 in Dodging
 11379 | D:12     | Killed a boulder beetle
 11713 | D:12     | Noticed Sonja
 11746 | D:12     | Killed Sonja
 12079 | D:12     | Identified the +1 scale mail of the Endless Seas {+Inv rC+
                  | Dex+3}
 12086 | D:12     | Noticed a tengu warrior
 12101 | D:12     | Killed a tengu warrior
 12195 | D:12     | Reached XP level 12. HP: 124/124 MP: 11/11
 12548 | D:13     | Noticed a centaur warrior
 13137 | D:14     | Noticed a two-headed ogre
 13143 | D:14     | Killed a two-headed ogre
 13214 | D:14     | Reached skill level 17 in Fighting
 13220 | D:14     | Noticed an eight-headed hydra
 13227 | D:14     | Slain by a white ugly thing

Illustrated notes

Levels and vault maps discovered:
D:1:      minmay_arrival_cross, layout_basic, patterned_corridor
D:2:      layout_loops_corners
D:3:      layout_basic, fedhas_altar_3, grunt_temple_overflow_open
D:4:      layout_rooms, mainiacjoe_overflow_24_doors, minmay_temple_entry_mist
D:5:      layout_basic, nicolae_dithmenos_through_a_glass_darkly,
          okawaru_metal_pillars_1_2, nicolae_gozag_seed_capital,
          portal_sewer_entry_f
D:6:      layout_basic, mainiacjoe_overflow_alcove_2, lemuel_doored_altar,
          nicolae_titane
D:7:      layout_basic
D:8:      layout_basic, serial_ice, serial_ice_n, serial_ice_m, serial_ice_c,
          serial_ice_b, serial_ice_e
D:9:      layout_cave_pools, chei_slow_surprise, orc_0_dummy
D:10:     layout_cross, mainiacjoe_overflow_brackets, amcnicky_altar_gilded,
          dpeg_oklobed_lair, serial_co_window_serial, co_window_paths_a,
          co_window_corner_a, co_window_paths_a, co_window_paths_a,
          co_window_paths_a, co_window_corner_ca, co_window_2corner,
          co_window_broadway_b, co_window_unsneaky_path_d, co_window_corner_cb,
          co_window_corner_ca, co_window_unsneaky_path_d, co_window_paths_e,
          co_window_paths_d, glass_columns_a, glass_columns_b, glass_columns_b,
          glass_columns_a, glass_columns_a, uniq_joseph, uniq_harold, uniq_grum
D:11:     minmay_angry_zag, layout_long_grid
D:12:     layout_rooms, kb_tengu_band, uniq_sonja
D:13:     layout_basic, ximxim_vaults_locker_room, serial_ice, serial_ice_m,
          serial_ice_j, serial_ice_g, serial_ice_o, portal_ice_cave_entry_imps,
          uniq_rupert, uniq_josephine
D:14:     layout_cave_pools, ashenzari_conservatory_becter, hangedman_fish_farm
Temple:   hellmonk_temple_micro_hex

Skill      XL: |  1  2  3  4  5  6  7  8  9 10 11 12 |
---------------+-------------------------------------+-----
Fighting       | 4 5 6 7 8 10 12 15 16 17 | 17.1
Axes           | 4 5 6 7 8 10 12 14 | 14.0
Armour         | 7 8 |  8.7
Dodging        | 6 7 |  7.9

Action                   |  1- 3 |  4- 6 |  7- 9 | 10-12 || total
-------------------------+-------+-------+-------+-------++-------
Melee: Hand axe          |    98 |    82 |   153 |   241 ||   574
       Headbutt          |    10 |     5 |    36 |    52 ||   103
       Punch             |     1 |       |     1 |     6 ||     8
Invok: Berserk           |     1 |     1 |     9 |    19 ||    30
       Trog's Hand       |       |       |     1 |     6 ||     7
  Use: Potion            |       |       |     6 |    11 ||    17
       Scroll            |       |       |    12 |     4 ||    16
 Stab: Sleeping          |     2 |       |       |       ||     2
       Distracted        |       |       |       |     1 ||     1
Armor: Animal skin       |     9 |     1 |       |       ||    10
       Leather armour    |       |     5 |       |       ||     5
       Ring mail         |       |    13 |    25 |       ||    38
       Chain mail        |       |       |    12 |    18 ||    30
       Plate armour      |       |       |       |   100 ||   100
Dodge: Dodged            |    64 |    48 |    71 |   102 ||   285
